 Dungeon Crawl Stone Soup version 0.29-a0-319-gad05b8d819 (webtiles) character file.

Game seed: 11418194414407985572

670 sammy202020 the Skirmisher (level 7, -3/84 HPs)
             Began as a Demonspawn Berserker on Apr 2, 2022.
             Was a Believer of Trog.
             Slain by an ogre
             ... wielding a +0 giant spiked club
              (29 damage)
             ... on level 5 of the Dungeon.
             The game lasted 00:06:15 (4350 turns).

sammy202020 the Skirmisher (Demonspawn Berserker)   Turns: 4350, Time: 00:06:15

Health: -3/84      AC: 18    Str: 17    XL:     7   Next: 32%
Magic:  7/7        EV: 10    Int: 10    God:    Trog [**....]
Gold:   282        SH:  4    Dex: 13    Spells: 6/6 levels left

rFire   . . .      SeeInvis .   a - +0 hand axe
rCold   . . .      Faith    .   (no shield)
rNeg    + . .      Spirit   .   e - +1 pearl dragon scales
rPois   .          Reflect  .   (no helmet)
rElec   .          Harm     .   (no cloak)
rCorr   .          Rampage  .   g - +0 pair of gloves
Will    ++...                   (no boots)
Stlth   ..........              (no amulet)
HPRegen 1.24/turn               (no ring)
MPRegen 0.10/turn               (no ring)

@: berserking, strong-willed, regenerating, very quick
A: foul stench 1, icemail 1, condensation shield
a: Renounce Religion, Berserk, Trog's Hand


You were on level 5 of the Dungeon.
You worshipped Trog.
Trog was pleased with you.
You visited 1 branch of the dungeon, and saw 5 of its levels.

You collected 282 gold pieces.

Inventory:

Hand Weapons
 a - a +0 hand axe (weapon)
 f - a +0 club
Missiles
 h - 5 boomerangs
 i - 12 poisoned darts (quivered)
 p - a throwing net
Armour
 b - a +0 animal skin
 e - +1 pearl dragon scales (worn)
 g - a +0 pair of gloves (worn)
Jewellery
 q - a ring of flight
Scrolls
 d - 4 scrolls of identify
 l - 2 scrolls of teleportation
Potions
 c - a potion of haste
 j - 3 potions of might
 k - 2 potions of flight
 m - a potion of brilliance
 n - 2 potions of curing
 o - a potion of attraction


   Skills:
 * Level 5.2 Fighting
 * Level 4.7 Axes
 * Level 4.2 Armour
 + Level 3.2 Dodging


You had 6 spell levels left.
You didn't know any spells.
Your spell library was empty.

Dungeon Overview and Level Annotations

Branches:
Dungeon (5/15)
 Temple: D:4-7

Altars:
Kikubaaqudgha


Innate Abilities, Weirdness & Mutations

You may rarely emit foul miasma when damaged in melee.
A meltable icy envelope protects you from harm. (AC +4)
A meltable shield of frost defends you. (SH +4)


Message History

No target in view!
No target in view!
HP restored.
An ogre comes into view. It is wielding a +0 giant spiked club.
An ogre is nearby!
An ogre is nearby!
The ogre hits you with a +0 giant spiked club!
You hit the ogre.
The ogre is lightly wounded.
The ogre hits you with a +0 giant spiked club!
You barely miss the ogre.
The ogre is lightly wounded.
You hit the ogre.
The ogre is lightly wounded.
The ogre hits you with a +0 giant spiked club!
* * * LOW HITPOINT WARNING * * *
You are too injured to fight recklessly!
You are too injured to fight recklessly!
You are too injured to fight recklessly!
You are too injured to fight recklessly!
You are too injured to fight recklessly!
You are too injured to fight recklessly!
You are too injured to fight recklessly!
You are too injured to fight recklessly!
You are too injured to fight recklessly!
You are too injured to fight recklessly!
You are too injured to fight recklessly!
You are too injured to fight recklessly!
You are too injured to fight recklessly!
You are too injured to fight recklessly!
You are too injured to fight recklessly!
You are too injured to fight recklessly!
Unknown command.
The ogre attacks as you move away! The ogre barely misses you.
Your skin crawls.
You feel strong-willed.
A red film seems to cover your vision as you go berserk!
You feel yourself moving faster!
You feel mighty!
The ogre hits you with a +0 giant spiked club!!
You die...

#... ... #.#. #.# .#
#.#.###.# ##.# #.#..##.#
...# #.##.##.# ...#
##.##.##.# ...#
###..##.##.# ...#
##..........#####...####
+..............@O.......+
###....##..#######...####
#.#.#....# ..##
#.###.##.# .## #.# #.##.#
.. ####.###.##.# .#
............# .#
#######..#### .# # #..#


You could see an ogre.

Vanquished Creatures
  Grinder (D:3)
  An ice beast (D:5)
  A phantom (D:5)
  A scorpion (D:4)
  A gnoll shaman (D:4)
  An iguana (D:5)
  6 adders
  3 gnolls (D:4)
  An ufetubus (D:5)
  2 worms
  2 dart slugs
  5 orcs
  9 ball pythons
  7 endoplasms
  6 giant cockroaches
  9 goblins
  6 hobgoblins
  7 jackals
  A quokka (D:3)
  7 bats
  3 frilled lizards
  9 kobolds
  4 rats (D:1)
  A spectral hobgoblin (D:1)
94 creatures vanquished.

Notes
Turn   | Place    | Note
-------+----------+-------------------------------------------
     0 | D:1      | sammy202020 the Demonspawn Berserker began the quest for
                  | the Orb.
     0 | D:1      | Reached XP level 1. HP: 18/18 MP: 1/1
   209 | D:1      | Gained mutation: You may rarely emit foul miasma when
                  | damaged in melee. [demonic ancestry]
   209 | D:1      | Reached XP level 2. HP: 19/24 MP: 2/2
   398 | D:1      | Found a faded altar of an unknown god.
  1009 | D:2      | Gained mutation: A meltable shield of frost defends you.
                  | (SH +4) [demonic ancestry]
  1009 | D:2      | Reached XP level 3. HP: 29/29 MP: 3/3
  1117 | D:2      | Reached ** piety under Trog
  1435 | D:2      | Found an ancient bone altar of Kikubaaqudgha.
  1728 | D:3      | Reached XP level 4. HP: 34/36 MP: 4/4
  2475 | D:3      | Noticed Grinder
  2483 | D:3      | Paralysed by Grinder for 4 turns
  2489 | D:3      | Paralysed by Grinder for 2 turns
  2508 | D:3      | Killed Grinder
  2509 | D:3      | Reached skill level 4 in Fighting
  2509 | D:3      | Reached XP level 5. HP: 29/43 MP: 5/5
  2509 | D:3      | Reached XP level 6. HP: 34/49 MP: 6/6
  3991 | D:5      | Entered Level 5 of the Dungeon
  3995 | D:5      | Noticed an ice beast
  4009 | D:5      | Killed an ice beast
  4010 | D:5      | Reached skill level 5 in Fighting
  4010 | D:5      | Gained mutation: A meltable icy envelope protects you from
                  | harm. (AC +4) [demonic ancestry]
  4010 | D:5      | Reached XP level 7. HP: 56/56 MP: 7/7
  4350 | D:5      | Slain by an ogre

Illustrated notes

Levels and vault maps discovered:
D:1:      dpeg_arrival_stone_temple_mockup, layout_loops_ring,
          dreamdust_ecumenical_altar_drowned_temple
D:2:      minmay_general_purpose_star, layout_rooms, basic_altar
D:3:      layout_loops_corners, kennysheep_path_1, uniq_grinder
D:4:      layout_cave_pods
D:5:      minmay_chambers_of_fours, layout_loops_corners, grunt_ministairs_2,
          minmay_tree_intersection

Skill      XL: |  1  2  3  4  5  6 |
---------------+-------------------+-----
Armour         | 2 3 4 |  4.2
Dodging        | 2 3 |  3.2
Axes           | 3 4 |  4.7
Fighting       | 4 5 |  5.2

Action                   |  1- 3 |  4- 6 |  7- 9 || total
-------------------------+-------+-------+-------++-------
Melee: Hand axe          |   139 |   215 |    18 ||   372
       Punch             |     3 |     1 |       ||     4
Invok: Berserk           |       |     4 |     1 ||     5
       Trog's Hand       |       |     2 |     1 ||     3
  Use: Scroll            |     7 |     3 |       ||    10
Armor: Animal skin       |     8 |       |       ||     8
       Pearl dragon scal |    85 |    97 |     8 ||   190
Dodge: Dodged            |    77 |   107 |     4 ||   188
Block: Other             |    13 |    34 |     1 ||    48

Table legend: (Time is in decaauts)
 A = Elapsed time spent in this place.
 B = Non-inter-level travel time spent in this place.
 C = Inter-level travel time spent in this place.
 D = Time resting spent in this place.
 E = Time spent auto-exploring this place.
 F = Levels seen in this place.
 G = Mean time per level.
                   A        B        C        D        E       F      G
               +--------+--------+--------+--------+--------+-----+--------+
         Total |   4430 |   4234 |    196 |    341 |   3058 |   5 |  886.0 |
       Dungeon |   4430 |   4234 |    196 |    341 |   3058 |   5 |  886.0 |
               +--------+--------+--------+--------+--------+-----+--------+

Top non-repeatable levels by time:
     D:4: 1173 daAuts
     D:3: 1156 daAuts
     D:1: 971 daAuts
     D:2: 762 daAuts
     D:5: 365 daAuts
